 Dungeon Crawl Stone Soup version 0.25.1-2-g60ff931df9 (webtiles) character file.

Game seed: 2124684606452045365

13413 Cykl0x the Carver (level 12, -1/91 HPs)
             Began as a Formicid Fighter on Oct 27, 2020.
             Was a Priest of the Shining One.
             Slain by a deep troll (13 damage)
             ... on level 11 of the Dungeon.
             The game lasted 00:26:59 (10731 turns).

Cykl0x the Carver (Formicid Fighter)               Turns: 10731, Time: 00:27:00

Health: -1/91      AC: 16    Str: 26    XL:     12   Next: 32%
Magic:  18/18      EV: 14    Int:  8    God:    the Shining One [***...]
Gold:   506        SH: 19    Dex: 10    Spells: 11/11 levels left

rFire    . . .     SeeInvis +   Q - +3 great sword (freeze)
rCold    . . .     Gourm    .   c - +1 kite shield
rNeg     + . .     Faith    .   H - +2 steam dragon scales
rPois    .         Spirit   .   (helmet unavailable)
rElec    .         Reflect  +   S - +2 cloak
rCorr    +         Harm     .   e - +2 pair of gloves
MR       +....                  g - +0 pair of boots
Stlth    +.........             v - amulet of reflection
HPRegen  0.25/turn              x - ring of resist corrosion
MPRegen  0.16/turn              r - +4 ring of slaying

@: glowing
A: permanent stasis, dig shafts and tunnels, four strong arms, antennae 3
a: Dig, Shaft Self, Divine Shield, Renounce Religion


You were on level 11 of the Dungeon.
You worshipped the Shining One.
The Shining One was most pleased with you.
You were hungry.

You visited 2 branches of the dungeon, and saw 12 of its levels.

You collected 646 gold pieces.
You donated 140 gold pieces to Zin.

Inventory:

Hand Weapons
 N - a +2 scimitar of flaming
 Q - a +3 great sword of freezing (weapon)
Missiles
 p - 276 stones
 t - 7 curare-tipped darts (quivered)
 u - 44 poisoned darts
 I - 15 javelins
 J - 2 boomerangs
Armour
 b - a +0 scale mail
 c - a +1 kite shield (worn)
 e - a +2 pair of gloves (worn)
 g - a +0 pair of boots (worn)
 H - +2 steam dragon scales (worn)
 S - a +2 cloak (worn)
Jewellery
 l - an uncursed ring of ice
 r - a +4 ring of slaying (right hand)
 v - an amulet of reflection (around neck)
 x - a ring of resist corrosion (left hand)
 B - an uncursed ring of magical power
 E - an uncursed amulet of regeneration
 K - an uncursed amulet of the acrobat {unknown}
 V - an uncursed amulet of guardian spirit {unknown}
Wands
 i - a wand of clouds (5)
 A - a wand of acid (4)
 D - a wand of random effects (29)
 L - a wand of disintegration (14)
 M - a wand of flame (14)
Scrolls
 d - a scroll of identify
 m - 3 scrolls of magic mapping
 o - 6 scrolls of enchant armour
 y - 2 scrolls of amnesia
 R - a scroll of fog
 T - a scroll of enchant weapon
Potions
 h - 6 potions of curing
 j - a potion of brilliance
 k - a potion of mutation
 n - 2 potions of flight
 q - 3 potions of heal wounds
 s - a potion of invisibility
 z - 2 potions of cancellation
 G - a potion of lignification
 O - 2 potions of berserk rage
 U - 2 potions of stabbing {unknown}
Comestibles
 a - 2 chunks of flesh
 f - 21 rations


   Skills:
 + Level 7.3 Fighting
 + Level 11.8 Long Blades
 + Level 1.4 Throwing
 + Level 6.0 Armour
 + Level 5.3 Dodging
 - Level 0.7 Stealth
 + Level 11.2 Shields
 * Level 8.3 Invocations


You had 11 spell levels left.
You didn't know any spells.
Your spell library contained the following spells:

 Spells                   Type           Power        Failure   Level  Hunger
 Animate Skeleton         Necr           N/A          41%         1    ##.....
 Corona                   Hex            #......      41%         1    ##.....
 Magic Dart               Conj           #...         41%         1    ##.....
 Pain                     Necr           #...         41%         1    ##.....
 Call Imp                 Summ           #.......     54%         2    ###....
 Ensorcelled Hibernation  Hex/Ice        #.....       54%         2    ###....
 Slow                     Hex            #.......     54%         2    ###....
 Call Canine Familiar     Summ           #.......     78%         3    ####...
 Confusing Touch          Hex            #.......     78%         3    ####...
 Conjure Flame            Conj/Fire      #.......     78%         3    ####...
 Dazzling Flash           Conj/Hex       #.....       78%         3    ####...
 Frozen Ramparts          Ice            #.....       78%         3    ####...
 Gell's Gravitas          Tloc           #.........   78%         3    ####...
 Inner Flame              Hex/Fire       #.......     78%         3    ####...
 Mephitic Cloud           Conj/Pois/Air  #.......     78%         3    ####...
 Ozocubu's Armour         Chrm/Ice       #.......     78%         3    ####...
 Portal Projectile        Hex/Tloc       #.....       78%         3    ####...
 Tukima's Dance           Hex            #.......     78%         3    ####...
 Vampiric Draining        Necr           #.........   78%         3    ####...
 Animate Dead             Necr           N/A          99%         4    #####..
 Cause Fear               Hex            #.........   99%         4    #####..
 Leda's Liquefaction      Hex/Erth       #.........   99%         4    #####..
 Petrify                  Tmut/Erth      #.......     99%         4    #####..
 Agony                    Necr           #.......     100%        5    ######.
 Metabolic Englaciation   Hex/Ice        #.........   100%        5    ######.
 Summon Demon             Summ           #.........   100%        5    ######.
 Yara's Violent Unravell  Hex/Tmut       #.........   100%        5    ######.
 Freezing Cloud           Conj/Ice/Air   #.........   100%        6    #######
 Blink                    Tloc           Unusable     N/A         2    N/A

Dungeon Overview and Level Annotations

Branches:
Dungeon (11/15)            Temple (1/1) D:5            Lair (0/6) D:11
    Orc: D:9-12

Altars:
Ashenzari
Cheibriados
Dithmenos
Elyvilon
Fedhas
Gozag
Hepliaklqana
Kikubaaqudgha
Makhleb
Nemelex Xobeh
Okawaru
Qazlal
Ru
Sif Muna
Trog
Uskayaw
Vehumet
Wu Jian
Xom
Yredelemnul
Zin
The Shining One

Annotations:
D:9 2 transporters


Innate Abilities, Weirdness & Mutations

You cannot be hasted, slowed, berserked, paralysed or teleported.
You can dig through walls and to a lower floor.
Your four strong arms can wield two-handed weapons with a shield.
You have a pair of large antennae on your head. (SInv)


Message History

The iron troll is poisoned.
The iron troll convulses.
Flame seeps out of the iron troll.
The iron troll seems to slow down.
The iron troll is almost dead.
Flame seeps out of the iron troll.
Flame seeps out of the iron troll.
The deep troll is engulfed in a cloud of scalding steam.
Flame seeps out of the deep troll.
An ogre comes into view. It is wielding a +0 giant spiked club.
You slash the iron troll!
Flame seeps out of the iron troll.
The iron troll is almost dead.
The iron troll explodes!
The fiery explosion engulfs you!!
* * * LOW HITPOINT WARNING * * *
The deep troll is engulfed in blazing flames.
Flame seeps out of the deep troll.
You hear a loud, deep croak!
The deep troll is engulfed in blazing flames.
Flame seeps out of the deep troll.
You block the deep troll's attack. The deep troll claws you!
You die...

.............
............ ....%...O..
≈≈≈§≈≈.≈≈ ≈≈≈≈≈≈≈≈≈≈
≈≈§§§≈#####≈≈≈≈≈≈≈≈≈≈
#§§≈#...#≈≈≈≈≈≈≈≈≈≈ {{
+○§§T{.!#≈≈≈≈≈≈≈≈≈≈
{{{#§T§#####≈≈≈≈≈≈≈≈≈≈
≈#####§@§≈≈≈≈≈≈≈≈≈≈≈≈≈≈≈
≈≈≈≈≈≈☼.§≈≈≈≈≈≈≈≈≈≈..#
........%............#
..........%..........#
%..%%................#
......%...÷...%.[....###
%%.#...###.######...###.
...#%.# #.....##...###.
.. #.. ####........#..


You could see a deep troll (inner flame), a troll (inner flame) and an ogre.

Vanquished Creatures
  Harold (D:8)
  A hydra (D:11)
  Fannar (D:11)
  A two-headed ogre (D:11)
  Erica (D:10)
  2 iron trolls (D:11)
  Maggie (D:8)
  A troll (D:11)
  A hornet (D:8)
  Prince Ribbit (D:8)
  A hippogriff (D:10)
  A vampire (D:11)
  9 yaks
  A wyvern (D:9)
  2 hungry ghosts (D:9)
  Grum (D:11)
  2 soldier ants (D:8)
  A black bear (D:10)
  4 ice beasts
  2 phantoms
  5 ogres
  3 sky beasts
  6 wolves (D:11)
  A big kobold (D:4)
  8 bullfrogs
  A water moccasin zombie (D:5)
  A wyvern skeleton (D:9)
  4 scorpions
  7 killer bees
  A howler monkey (D:9)
  13 wights
  7 electric eels
  2 crimson imps
  4 jellies
  A quasit (D:9)
  A centaur zombie (D:7)
  9 hounds
  A centaur skeleton (D:9)
  8 orc priests
  A bullfrog skeleton (D:6)
  3 iguanas
  Natasha (thrice) (D:3)
  9 orc wizards
  9 worker ants
  2 killer bee zombies
  3 hound skeletons
  A howler monkey skeleton (D:4)
  10 adders
  7 gnolls (D:2)
  5 shadow imps
  An ooze (D:7)
  2 worms (D:3)
  11 leopard geckos
  38 orcs
  5 bats
  4 giant cockroaches
  10 goblins
  6 hobgoblins
  17 jackals
  2 quokkas (D:5)
  6 frilled lizards
  27 kobolds
  2 quokka skeletons
  8 rats
310 creatures vanquished.

Notes
Turn   | Place    | Note
-------+----------+-------------------------------------------
     0 | D:1      | Cykl0x the Formicid Fighter began the quest for the Orb.
     0 | D:1      | Reached XP level 1. HP: 18/18 MP: 1/1
   316 | D:1      | Reached XP level 2. HP: 23/24 MP: 2/2
   634 | D:1      | Reached XP level 3. HP: 29/29 MP: 3/3
  1076 | D:2      | Reached XP level 4. HP: 23/35 MP: 4/4
  1306 | D:2      | Found a shadowy altar of Dithmenos.
  1378 | D:2      | Found an iron altar of Okawaru.
  1592 | D:2      | Reached XP level 5. HP: 41/42 MP: 5/5
  1925 | D:3      | Noticed Natasha
  1929 | D:3      | Killed Natasha
  1970 | D:3      | Noticed Natasha
  1983 | D:3      | Killed Natasha
  1983 | D:3      | Reached skill level 1 in Dodging
  1998 | D:3      | Noticed Natasha
  2017 | D:3      | Killed Natasha
  2017 | D:3      | Reached skill level 5 in Shields
  2017 | D:3      | Reached XP level 6. HP: 23/48 MP: 6/6
  2972 | D:4      | Reached XP level 7. HP: 53/53 MP: 7/7
  3802 | D:4      | Reached skill level 5 in Long Blades
  3805 | D:4      | You fall into a shaft and drop 1 floor!
  3805 | D:5      | Entered Level 5 of the Dungeon
  3805 | D:5      | Found a staircase to the Ecumenical Temple.
  3812 | Temple   | Entered the Ecumenical Temple
  3817 | Temple   | Reached XP level 8. HP: 39/60 MP: 8/8
  5070 | D:6      | Reached skill level 5 in Armour
  5224 | D:6      | Found a glowing silver altar of Zin.
  5261 | D:6      | Became a worshipper of Zin the Law-Giver
  5261 | D:6      | Reached * piety under Zin
  5345 | D:6      | Donated 113 gold pieces to Zin
  5386 | D:6      | Reached skill level 1 in Invocations
  5549 | D:6      | Reached XP level 9. HP: 66/66 MP: 9/9
  5554 | D:6      | Reached ** piety under Zin
  5784 | D:6      | Found a shattered altar of Ashenzari.
  5788 | D:6      | Found a blossoming altar of Fedhas.
  5789 | D:6      | Found a glowing golden altar of the Shining One.
  5791 | D:6      | Found an ancient bone altar of Kikubaaqudgha.
  5792 | D:6      | Found a hide-covered altar of Uskayaw.
  5796 | D:6      | Fell from the grace of Zin
  5796 | D:6      | Became a worshipper of the Shining One
  6037 | D:7      | Reached * piety under the Shining One
  6098 | D:7      | Reached skill level 1 in Throwing
  6560 | D:7      | Reached skill level 5 in Fighting
  6721 | D:8      | Noticed Maggie
  6734 | D:8      | Killed Maggie
  6734 | D:8      | Reached XP level 10. HP: 66/74 MP: 12/12
  6845 | D:8      | Reached ** piety under the Shining One
  7329 | D:8      | Noticed Prince Ribbit
  7352 | D:8      | Killed Prince Ribbit
  7452 | D:8      | Found a sparkling altar of Nemelex Xobeh.
  7558 | D:8      | Noticed Harold
  7578 | D:8      | Killed Harold
  7578 | D:8      | Reached skill level 5 in Invocations
  8225 | D:9      | Got a brightly glowing hand axe
  8225 | D:9      | Identified the cursed +3 hand axe "Ymmots" {venom, *Slow
                  | rC+ Int+5} (You found it on level 9 of the Dungeon)
  8370 | D:9      | Found a transporter.
  8370 | D:9      | Noticed a wolf spider
  8370 | D:9      | Noticed a seven-headed hydra
  8373 | D:9      | Noticed a two-headed ogre
  8375 | D:9      | Noticed a manticore
  8382 | D:9      | Found a transporter.
  8420 | D:9      | Reached skill level 10 in Long Blades
  8420 | D:9      | Reached XP level 11. HP: 81/81 MP: 15/15
  8476 | D:9      | Reached *** piety under the Shining One
  9188 | D:10     | Entered Level 10 of the Dungeon
  9347 | D:10     | Reached skill level 10 in Shields
  9448 | D:10     | Noticed Erica
  9455 | D:10     | Killed Erica
  9525 | D:10     | Identified the Collected Works on Frigorific Illusion
 10235 | D:11     | Noticed Grum
 10248 | D:11     | Killed Grum
 10277 | D:11     | Noticed a four-headed hydra
 10285 | D:11     | Killed a one-headed hydra
 10293 | D:11     | Noticed Fannar
 10312 | D:11     | Killed Fannar
 10312 | D:11     | Reached skill level 5 in Dodging
 10315 | D:11     | Found a staircase to the Lair.
 10332 | D:11     | Noticed an unseen horror
 10446 | D:11     | Reached XP level 12. HP: 83/91 MP: 17/17
 10709 | D:11     | Noticed a deep troll
 10709 | D:11     | Noticed an iron troll
 10709 | D:11     | Noticed an iron troll
 10712 | D:11     | Noticed a two-headed ogre
 10723 | D:11     | Killed an iron troll
 10727 | D:11     | Killed a two-headed ogre
 10730 | D:11     | Killed an iron troll
 10731 | D:11     | Slain by a deep troll

Illustrated notes

Levels and vault maps discovered:
D:1:      dpeg_arrival_yet_another_circle, layout_rooms, hex_medium
D:2:      layout_loops_ring, lemuel_coloured_pillars_altar,
          okawaru_altar_gauntlet_db, minmay_hedge_maze, grunt_ministairs_5,
          minmay_pentomino_pile
D:3:      layout_rooms, first_ration, uniq_natasha
D:4:      kennysheep_kobold_camp, layout_basic
D:5:      layout_basic, temple_green
D:6:      layout_basic, kennysheep_mini, minitemple
D:7:      layout_rooms, serial_bayou_ford_a
D:8:      layout_basic, kennysheep_mini_moat, hangedman_pestilent_swarm,
          kennysheep_boxes, uniq_prince_ribbit1, uniq_maggie, uniq_harold
D:9:      gammafunk_sealed_arena, layout_basic
D:10:     layout_basic, uniq_erica
D:11:     lemuel_troll_bridge, layout_gridville, erik_lair_island, orc_0_dummy,
          uniq_fannar, uniq_urug, uniq_grum
Temple:   nicolae_temple_figure_eight

Skill      XL: |  1  2  3  4  5  6  7  8  9 10 11 12 |
---------------+-------------------------------------+-----
Shields        | 4 5 7 8 9 10 11 | 11.2
Long Blades    | 3 4 5 6 8 10 11 | 11.8
Dodging        | 1 2 3 4 5 |  5.3
Armour         | 4 5 6 |  6.0
Fighting       | 4 5 6 7 |  7.3
Invocations    | 1 3 5 7 8 |  8.3
Throwing       | 1 |  1.4
Stealth        | |  0.7

Action                   |  1- 3 |  4- 6 |  7- 9 | 10-12 || total
-------------------------+-------+-------+-------+-------++-------
Melee: Long sword        |   115 |   153 |   349 |       ||   617
       Falchion          |       |       |    20 |   201 ||   221
       Scimitar          |       |       |       |    92 ||    92
       Great sword       |       |       |       |    58 ||    58
Throw: Stone             |       |    22 |    22 |    10 ||    54
       Dart              |       |       |       |     1 ||     1
Invok: Donate Gold       |       |       |     1 |       ||     1
       Divine Shield     |       |       |       |     1 ||     1
 Abil: Dig               |     2 |     4 |     3 |    10 ||    19
Evoke: Wand              |       |       |       |     1 ||     1
  Use: Scroll            |     5 |     5 |    13 |     5 ||    28
       Potion            |       |     1 |     2 |     3 ||     6
  Eat: Chunk             |     1 |     7 |    13 |     8 ||    29
       Ration            |       |       |       |     2 ||     2
Armor: Scale mail        |    66 |    34 |    76 |       ||   176
       Steam dragon scal |       |       |       |    61 ||    61
Dodge: Dodged            |    50 |    35 |    86 |    98 ||   269
Block: Kite shield       |    80 |    86 |   312 |   267 ||   745
       Reflection        |       |       |     1 |       ||     1
       Rpst.: Long sword |    13 |    10 |    30 |       ||    53
       Falchion          |       |       |     3 |    17 ||    20
       Great sword       |       |       |       |    11 ||    11
       Scimitar          |       |       |       |     3 ||     3
